 Dungeon Crawl Stone Soup version 0.27.1-3-gb3d3a73c9e (webtiles) character file.

Game seed: 9739394046585795900

137 omarspendo the Chopper (level 5, 0/46 HPs)
             Began as a Hill Orc Fighter on Oct 21, 2021.
             Slain by Grinder (9 damage)
             ... while paralysed by Grinder
             ... on level 3 of the Dungeon.
             The game lasted 00:14:25 (3238 turns).

omarspendo the Chopper (Hill Orc Fighter)           Turns: 3238, Time: 00:14:26

Health: 0/46       AC:  8    Str: 19    XL:     5   Next: 20%
Magic:  5/5        EV:  2    Int:  8    God:
Gold:   20         SH:  0    Dex: 11    Spells: 4/4 levels left

rFire    . . .     SeeInvis .   a - +0 war axe
rCold    . . .     Faith    .   c - +0 kite shield
rNeg     . . .     Spirit   .   b - +0 scale mail
rPois    .         Reflect  .   n - +0 helmet
rElec    .         Harm     .   (no cloak)
rCorr    .         Rampage  .   (no gloves)
Will     .....                  (no boots)
Stlth    ..........             (no amulet)
HPRegen  0.15/turn              (no ring)
MPRegen  0.09/turn              (no ring)

@: paralysed, mighty
A: no striking features
a: no special abilities


You were on level 3 of the Dungeon.
You visited 1 branch of the dungeon, and saw 3 of its levels.

You collected 20 gold pieces.

Inventory:

Hand Weapons
 a - a +0 war axe (weapon)
 o - a +0 hunting sling
Missiles
 e - 10 poisoned darts (quivered)
 g - 35 bolts
 h - 48 sling bullets
Armour
 b - a +0 scale mail (worn)
 c - a +0 kite shield (worn)
 n - a +0 helmet (worn)
Magical Staves
 m - a staff of death
Jewellery
 j - an amulet of faith
Scrolls
 p - a scroll of magic mapping {unknown}
 q - a scroll of brand weapon {unknown}
Potions
 f - a potion of degeneration {unknown}
 i - a potion of curing {unknown}
 k - a potion of flight {unknown}
 l - 2 potions of berserk rage {unknown}


   Skills:
 + Level 4.2 Fighting
 + Level 5.0 Axes
 + Level 3.9 Armour
 + Level 0.4 Dodging
 + Level 4.0 Shields


You had 4 spell levels left.
You didn't know any spells.
Your spell library was empty.

Dungeon Overview and Level Annotations

Branches:
Dungeon (3/15)

Altars:

Shops:
D:2 (

Annotations:
D:3 Grinder


Message History

Grinder gestures at you. Pain shoots through your body!
You hit the quokka.
The quokka is severely wounded.
The quokka bites you but does no damage.
You hit the bat.
The bat is heavily wounded.
You slash the quokka!
You kill the quokka!
The bat hits you but does no damage. You block the hound's attack.
The hound closely misses you.
You feel very mighty all of a sudden. The bat hits you but does no damage.
The hound bites you but does no damage.
You hit the hound but do no damage. You block the bat's attack.
The hound barely misses you. The bat barely misses you.
The hound barely misses you. The hound bites you but does no damage.
You slice the hound!!
You kill the hound!
You hit the bat.
You kill the bat!
Your Axes skill increases to level 5!
Your Shields skill increases to level 4!
You have reached level 5!
You feel stronger.
You slice Grinder!!
Grinder is heavily wounded.
Grinder hits you but does no damage.
You slash Grinder!
Grinder is severely wounded.
Grinder says, "FISH!"
Grinder hits you.
You writhe in agony.
Grinder blinks!
Grinder gestures at you.
You suddenly lose the ability to move!
Grinder says, "Tell me all your secrets, or I'll kill you."
Grinder blinks!
Grinder hits you but does no damage. x2
Grinder hits you.
You writhe in agony.
* * * LOW HITPOINT WARNING * * *
Grinder hits you!
You die...
P###..... ...# P..#.#... ...# P..>.........## P..$....#..... ......#...# PPPPPP

........# ....... #
#.5....# #.#...#.#
#@#.#
#.#...#.######.#.#
#.#.........#.†..#####
#.#...#.#.#.#.........
#.#....# #..#...###..#
#.....# #....## .#
#....## ##.#.#
###.###†## ##.##.#
....##...###..##.#


You could see Grinder.

Vanquished Creatures
  A hound (D:3)
  Robin (D:2)
  4 adders (D:2)
  A worm (D:2)
  5 bats
  6 endoplasms
  15 goblins
  3 hobgoblins
  4 jackals (D:3)
  2 quokkas
  6 ball pythons
  4 frilled lizards
  2 kobolds
  3 rats
57 creatures vanquished.

Vanquished Creatures (others)
  A fungus (D:2)
  7 plants (D:2)
8 creatures vanquished.

Grand Total: 65 creatures vanquished

Notes
Turn   | Place    | Note
-------+----------+-------------------------------------------
     0 | D:1      | omarspendo the Hill Orc Fighter began the quest for the
                  | Orb.
     0 | D:1      | Reached XP level 1. HP: 19/19 MP: 1/1
   187 | D:1      | Reached XP level 2. HP: 27/27 MP: 2/2
   337 | D:1      | Reached skill level 3 in Axes
  1451 | D:2      | Reached XP level 3. HP: 31/33 MP: 3/3
  1466 | D:2      | Noticed Robin
  1508 | D:2      | Killed Robin
  1909 | D:2      | Found Amear's Antique Weapon Shop.
  2013 | D:2      | Reached skill level 4 in Axes
  2013 | D:2      | Reached XP level 4. HP: 40/40 MP: 4/4
  3068 | D:2      | Found a faded altar of an unknown god.
  3221 | D:3      | Noticed Grinder
  3231 | D:3      | Reached skill level 5 in Axes
  3231 | D:3      | Reached XP level 5. HP: 28/46 MP: 5/5
  3233 | D:3      | Paralysed by Grinder for 7 turns
  3238 | D:3      | Slain by Grinder

Illustrated notes

Levels and vault maps discovered:
D:1:      lightli_arrival_maybe_door_vault, layout_loops_ring,
          lemuel_flame_loot_1
D:2:      layout_basic, shapermc_ecumenical_altar_hornbeckon, serial_shops,
          nicolae_shop_crystal, uniq_robin
D:3:      layout_loops_cross, serial_shops, shop, gup_sewer_entry_spiral,
          minmay_hedge_maze, kennysheep_generic_room_12, uniq_grinder,
          uniq_crazy_yiuf_cottage

Skill      XL: |  1  2  3  4 |
---------------+-------------+-----
Axes           | 3 4 5 |  5.0
Fighting       | 4 |  4.2
Shields        | 4 |  4.0
Armour         | |  3.9
Dodging        | |  0.4

Action                   |  1- 3 |  4- 6 || total
-------------------------+-------+-------++-------
Melee: War axe           |   113 |    79 ||   192
Throw: Dart              |     2 |       ||     2
  Use: Potion            |     1 |     1 ||     2
       Scroll            |     2 |       ||     2
Armor: Scale mail        |    59 |    49 ||   108
Dodge: Dodged            |    36 |    30 ||    66
Block: Kite shield       |    83 |    44 ||   127
